AoeStats
← gerardCapo

Migration

509347594Analyzed
1v1 RM · 6d ago on Sep 26, 2026· 85m 58s· 2 players
Game mode
Random Map
Map size
132×132
Population
200
Speed
Normal
Resources
Standard
Victory
Conquest
Starting age
Dark Age
Ending age
Imperial Age
RankedLock teamsTeams togetherTeam positionsShared explorationLock speedFull tech treeHidden civsTurbo modeCheats
Victory
Defeat
🇫🇷 Britons · France
706
+18
🇪🇸 Sicilians · Spain
743
-18
gerardCapo
10:08 Feudal Age
10:43 Double-Bit Axe
10:44 Horse Collar
22:33 Gold Mining
22:37 Stone Mining
23:00 Forging
22:51 Scale Mail Armor
24:42 Fletching
30:43 Castle Age
31:43 Chain Mail Armor
32:04 Iron Casting
31:25 Bodkin Arrow
33:38 Town Watch
34:44 Bow Saw
34:39 Heavy Plow
35:21 Gold Shaft Mining
35:26 Stone Shaft Mining
37:56 Squires
39:05 Wheelbarrow
43:43 Imperial Age
41:16 Town Patrol
41:52 Hand Cart
50:10 Elite Serjeant
53:06 Chemistry
51:57 Heated Shot
52:28 Ballistics
54:06 Plate Mail Armor
55:34 Town Patrol
59:53 Blast Furnace
58:54 Bracer
60:05 Demolition Ship
63:27 Shipwright
74:31 Heavy Mounted Crossbowman
74:36 Elite Skirmisher
78:48 Pikeman
81:41 Padded Archer Armor
81:35 Halberdier
Sofia joue parfois
1:02 Loom
2:42 Loom
11:28 Feudal Age
13:01 Double-Bit Axe
18:02 Castle Age
15:54 Town Watch
17:16 Stone Mining
17:34 Scale Mail Armor
18:14 Fishing Lines
18:56 Bow Saw
18:14 Man-at-Arms
18:40 Gambesons
19:52 Horse Collar
22:28 Wheelbarrow
22:31 Chain Mail Armor
24:13 Long Swordsman
25:09 Squires
28:56 Crossbowman
31:05 Forging
31:00 Arson
32:39 Iron Casting
37:03 Heavy Plow
36:48 Pikeman
37:19 Fletching
37:30 Padded Archer Armor
38:34 Ballistics
39:25 Bodkin Arrow
40:46 Gillnets
41:40 Yeomen
41:40 Leather Archer Armor
42:31 Hand Cart
42:17 Town Patrol
42:34 Murder Holes
42:31 Guard Tower
48:50 Imperial Age
50:55 Capped Ram
52:40 Chemistry
51:09 Arbalester
54:23 Ring Archer Armor
56:31 Bracer
57:33 Plate Mail Armor
58:04 Blast Furnace
57:17 Two-Handed Swordsman
59:36 Warwolf
59:43 Husbandry
59:03 Light Cavalry
59:51 Scale Barding Armor
59:43 Champion
61:54 Two-Man Saw
61:15 Cavalier
72:15 Conscription
77:41 Chain Barding Armor
79:32 Halberdier
82:20 Medium Warships
82:22 Siphons
82:30 Clinker Construction
Connection lost

Rejoining the realm…

Still unreachable

The connection could not be restored.

Session expired

The server has moved on; the page needs a fresh start.